 Dungeon Crawl Stone Soup version 0.30.0-16-gbe6223bb7e (webtiles) character file.

Game seed: 1688094503392736914

58 NateTC the Poker (level 4, 0/35 HPs)
             Began as a Merfolk Fighter on May 20, 2023.
             Slain by Terence
             ... wielding a +0 trident
              (8 damage)
             ... on level 2 of the Dungeon.
             The game lasted 00:01:13 (1331 turns).

NateTC the Poker (Merfolk Fighter)                  Turns: 1331, Time: 00:01:14

Health: 0/35       AC:  6    Str: 18    XL:     4   Next: 2%
Magic:  4/4        EV:  9    Int:  7    God:
Gold:   46         SH:  5    Dex: 13    Spells: 3/3 levels left

rFire   + . .        a - +0 trident
rCold   . . .        c - +1 buckler
rNeg    . . .        b - +0 scale mail
rPois   .            (no helmet)
rElec   .            (no cloak)
rCorr   .            (no gloves)
SInv    .            (no boots)
Will    .....        (no amulet) Stlth
                     g - ring of protection from fire
HPRegen 0.25/turn    (no ring)
MPRegen 0.09/turn

%: no passive effects
@: mighty
A: (nimble swimmer 2), mertail
a: no special abilities


You were on level 2 of the Dungeon.
You visited 1 branch of the dungeon, and saw 2 of its levels.

You collected 46 gold pieces.

Inventory:

Hand Weapons
 a - a +0 trident (weapon)
Armour
 b - a +0 scale mail (worn)
 c - a +1 buckler (worn)
Jewellery
 g - a ring of protection from fire (left hand)
Scrolls
 e - 2 scrolls of enchant armour
 h - 2 scrolls of identify
 j - a scroll of vulnerability
 k - a scroll of teleportation
Potions
 i - a potion of resistance


   Skills:
 - Level 3.2 Fighting
 * Level 5.5 Polearms
 - Level 2.1 Armour
 - Level 3.0 Shields


You had 3 spell levels left.
You didn't know any spells.
Your spell library contained the following spells:

 Spells                   Type           Power      Damage    Failure   Level
 Sublimation of Blood     Necr           0%         N/A       96%         2
 Wereblood                Tmut           0%         N/A       96%         2
 Ozocubu's Armour         Ice            0%         N/A       99%         3
 Metabolic Englaciation   Hex/Ice        0%         N/A       100%        5
 Simulacrum               Ice/Necr       0%         N/A       100%        6
 Summon Hydra             Summ           0%         N/A       100%        7


Dungeon Overview and Level Annotations

Branches:
Dungeon (2/15) Zot: 10655

Altars:

Annotations:
D:2 Terence


Innate Abilities, Weirdness & Mutations

((You are very nimble when in or above water. (Stealth+, EV+, Speed+++)))
Your lower body shifts to a powerful aquatic tail in water.


Message History

You reach to attack!
You hit Terence but do no damage.
Terence drinks a potion.
Terence seems to speed up.
You reach to attack!
You barely miss Terence. You block Terence's attack. Terence barely misses you.
You reach to attack!
You hit Terence but do no damage. Terence completely misses you.
You reach to attack!
You puncture Terence!
Terence is moderately wounded.
Terence hits you from afar with a +0 trident. x2
You reach to attack!
You closely miss Terence.
Terence is moderately wounded.
Terence hits you from afar with a +0 trident.
You are too injured to fight recklessly!
You are too injured to fight recklessly!
You are too injured to fight recklessly!
You are too injured to fight recklessly!
You are too injured to fight recklessly!
You are too injured to fight recklessly!
You are too injured to fight recklessly!
You are too injured to fight recklessly!
You are too injured to fight recklessly!
You are too injured to fight recklessly!
You are too injured to fight recklessly!
You are too injured to fight recklessly!
You are too injured to fight recklessly!
You are too injured to fight recklessly!
You are too injured to fight recklessly!
You are too injured to fight recklessly!
You feel very mighty all of a sudden.
Terence hits you from afar with a +0 trident.
Terence closely misses you. Terence hits you with a +0 trident.
* * * LOW HITPOINT WARNING * * *
You closely miss Terence.
Terence is moderately wounded.
Terence completely misses you. Terence barely misses you.
You puncture Terence!
Terence is severely wounded.
Terence hits you with a +0 trident!
You die...

##...#####.#
#.# ##### #.#
#.#
#######.####.#
......).....#
#######.####..#
#...# #.#.#
#.#.# #.#@#
#.#@# #.#g#
#.#.# #.#.# #..
###


You could see Terence (fast) and a goblin.

Vanquished Creatures
  An adder (D:2)
  A dart slug (D:1)
  A ball python (D:1)
  8 endoplasms
  A giant cockroach (D:1)
  5 goblins
  3 hobgoblins (D:1)
  5 jackals
  3 kobolds (D:1)
  A quokka (D:1)
  5 bats (D:1)
  4 frilled lizards
  2 rats (D:1)
40 creatures vanquished.

Notes
Turn   | Place    | Note
-------+----------+-------------------------------------------
     0 | D:1      | NateTC the Merfolk Fighter began the quest for the Orb.
     0 | D:1      | Reached XP level 1. HP: 18/18 MP: 1/1
    53 | D:1      | Reached skill level 3 in Polearms
    87 | D:1      | Reached XP level 2. HP: 23/24 MP: 2/2
   149 | D:1      | Reached skill level 4 in Polearms
   240 | D:1      | You fall into a shaft and drop 1 floor!
   302 | D:2      | Reached XP level 3. HP: 13/29 MP: 3/3
   431 | D:1      | Reached skill level 5 in Polearms
  1056 | D:1      | Reached XP level 4. HP: 28/35 MP: 4/4
  1317 | D:2      | Noticed Terence
  1331 | D:2      | Slain by Terence

Illustrated notes

Levels and vault maps discovered:
D:1:      dpeg_arrival_central, layout_loops_corners
D:2:      layout_loops_ring, hellmonk_ecumenical_altar_pennies_from_heaven,
          uniq_natasha, uniq_terence

Skill      XL: |  1  2  3 |
---------------+----------+-----
Polearms       | 3 4 5 |  5.5
Fighting       | |  3.2
Armour         | |  2.1
Shields        | |  3.0

Action                     |  1- 3 |  4- 6 || total
---------------------------+-------+-------++-------
  Melee: Trident           |   106 |    10 ||   116
    Use: Scroll            |       |     5 ||     5
         Potion            |       |     1 ||     1
 Armour: Scale mail        |    44 |       ||    44
  Dodge: Dodged            |    47 |     6 ||    53
  Block: Buckler           |    21 |     2 ||    23
